 Dungeon Sprint DCSS version 0.31-a0-986-g5e6e4ef867 (webtiles) character file.

Game seed: 14618711891137794457

1859 fozzywoppz the Fighter (level 8, -13/72 HPs)
             Began as a Demonspawn Berserker on Nov 10, 2023.
             Was a Priest of Trog.
             Succumbed to a redback's poison
             ... in the Dungeon (Sprint III: "The Ten Rune Challenge").
             The game lasted 00:04:05 (706 turns).

fozzywoppz the Fighter (Demonspawn Berserker)        Turns: 706, Time: 00:04:05

Health: -13/72     AC:  2    Str: 20    XL:     8   Next: 89%
Magic:  8/8        EV: 16    Int: 12    God:    Trog [***...]
Gold:   22         SH:  0    Dex: 13    Spells: 7/7 levels left

rFire   . .          .
                       - Unarmed
rCold   . . .        (no shield)
rNeg    . . .        a - +0 animal skin
rPois   .            (no helmet)
rElec   .            (no cloak)
rCorr   .            (no gloves)
SInv    .            (no boots)
Will    +....        (no amulet)
Stlth   +            (no ring)
HPRegen 0.32/turn    (no ring)
MPRegen 0.11/turn

%: no teleportation
@: lethally poisoned (-13 -> -57), on berserk cooldown, enlightened, flying,
slowed, very slow
A: spiny 1, big brain 2
a: Renounce Religion, Berserk, Trog's Hand


You were in the Dungeon.
You worshipped Trog.
Trog was most pleased with you.
You visited 1 branch You collected 22 gold pieces.

Inventory:

Armour
 a - a +0 animal skin (worn)
Scrolls
 g - a scroll of blinking
 i - 3 scrolls of poison
Potions
 d - a potion of haste
 e - 2 potions of magic
 f - a potion of berserk rage
 h - 3 potions of mutation
 k - a potion of attraction
 l - a potion of enlightenment
 m - a potion of brilliance
Miscellaneous
 j - a lightning rod (4/4)


   Skills:
 + Level 10.2 Fighting
 - Level 8.0 Armour
 + Level 9.7 Dodging
 + Level 10.0 Unarmed Combat
 + Level 4.6 Evocations


You had 7 spell levels left.
You didn't know any spells.
Your spell library was empty.

Dungeon Overview and Level Annotations

Branches:
Dungeon (1/1)

Altars:
Cheibriados
Dithmenos
Fedhas
Gozag
Hepliaklqana
Kikubaaqudgha
Makhleb
Nemelex Xobeh
Okawaru
Qazlal
Ru
Sif Muna
Trog
Uskayaw
Vehumet
Wu Jian
Xom
Yredelemnul
Jiyva
Lugonu

Annotations:
D Erolcha


Innate Abilities, Weirdness & Mutations

You are partially covered in sharp spines.
You have an extremely huge brain. (Int +4)


Message History

* * * LOW HITPOINT WARNING * * *
You are lethally poisoned!
The redback poisons you!
You miss the redback.
The redback is lightly wounded.
* * * LOW HITPOINT WARNING * * *
You feel extremely sick. The redback is struck by your spines.
The redback closely misses you.
Unknown command.
You feel better. The redback closely misses you.
The redback is struck by your spines. The redback bites you.
* * * LOW HITPOINT WARNING * * *
The redback closely misses you.
You feel much better.
You feel the effects of Trog's Hand fading.
The redback is struck by your spines. The redback bites you.
The redback misses you.
Okay, then.
You fail to use your ability.
The redback bites you!
* * * LOW HITPOINT WARNING * * *
The redback barely misses you.
Unknown command.
Your ogre goes berserk!
You can no longer call in reinforcements.
The redback bites you.
* * * LOW HITPOINT WARNING * * *
The redback closely misses you.
Erolcha gestures wildly while chanting.
Erolcha blinks!
The redback closely misses you. The redback is struck by your spines.
The redback bites you!
* * * LOW HITPOINT WARNING * * *
You are lethally poisoned!
The redback poisons you!
Unknown command.
Okay, then.
You feel very buoyant.
You fly up into the air.
Your skin stops crawling.
You feel less strong-willed.
You die...

'#†###)## ........# ........#
.######'#
.#__#...#+##############
.#__#...#....#.#.#§..s.#
##__#...##.#..#.##.###.#
:#__#...'##.#.#O##s#.)##
_#_v+...#)..#..#@s##..'...^s.
▓▓▓▓▓▓▓▓▓▓▓▓▓▓▓▓▓▓▓▓▓▓#.O...^
....^. ..... ..... ####


You could see 2 redbacks and a friendly ogre (summoned, berserk).

Vanquished Creatures
  A deep elf pyromancer (D)
  A shadow (D)
  5 two-headed ogres (D)
  A necrophage (D)
  A water elemental (D)
  A jelly (D)
  An arcanist (D)
  A necromancer (D)
  3 humans (D)
  A kobold demonologist (D)
  A wolf (D)
  An endoplasm (D)
  3 rats (D)
21 creatures vanquished.

Notes
Turn   | Place    | Note
-------+----------+-------------------------------------------
     0 | D        | fozzywoppz the Demonspawn Berserker began the quest for the
                  | Orb.
     0 | D        | Reached XP level 1. HP: 18/18 MP: 1/1
    25 | D        | Reached ** piety under Trog
    81 | D        | Gained mutation: You are partially covered in sharp spines.
                  | [demonic ancestry]
    81 | D        | Reached XP level 2. HP: 25/25 MP: 2/2
   130 | D        | Reached XP level 3. HP: 31/31 MP: 3/3
   183 | D        | Noticed a water elemental
   199 | D        | Killed a water elemental
   200 | D        | Reached skill level 5 in Fighting
   200 | D        | Gained mutation: You have an unusually large brain. (Int
                  | +2) [demonic ancestry]
   200 | D        | Reached XP level 4. HP: 39/39 MP: 4/4
   247 | D        | Found a radiant altar of Vehumet.
   248 | D        | Found a shimmering blue altar of Sif Muna.
   248 | D        | Found an ancient bone altar of Kikubaaqudgha.
   248 | D        | Noticed an arcanist
   251 | D        | Killed an arcanist
   252 | D        | Reached skill level 5 in Unarmed Combat
   252 | D        | Reached *** piety under Trog
   289 | D        | Noticed a deep elf pyromancer
   296 | D        | Killed a deep elf pyromancer
   297 | D        | Reached XP level 5. HP: 24/49 MP: 5/5
   297 | D        | Reached XP level 6. HP: 28/56 MP: 6/6
   297 | D        | Gained mutation: You have an extremely huge brain. (Int +4)
                  | [demonic ancestry]
   297 | D        | Reached XP level 7. HP: 31/62 MP: 7/7
   394 | D        | Found a hide-covered altar of Uskayaw.
   394 | D        | Found an iron altar of Okawaru.
   394 | D        | Found a bloodstained altar of Trog.
   394 | D        | Found an ornate altar of the Wu Jian Council.
   394 | D        | Noticed a human
   394 | D        | Noticed a human
   402 | D        | Killed a human
   407 | D        | Killed a human
   407 | D        | Reached **** piety under Trog
   443 | D        | Found a basalt altar of Yredelemnul.
   443 | D        | Found a shadowy altar of Dithmenos.
   443 | D        | Found a sacrificial altar of Ru.
   464 | D        | Noticed a shadow
   474 | D        | Killed a shadow
   475 | D        | Reached XP level 8. HP: 67/72 MP: 8/8
   479 | D        | Found a blossoming altar of Fedhas.
   479 | D        | Found a stormy altar of Qazlal.
   480 | D        | Found a snail-covered altar of Cheibriados.
   480 | D        | Found a burning altar of Makhleb.
   480 | D        | Found a hazy altar of Hepliaklqana.
   480 | D        | Found a shimmering altar of Xom.
   480 | D        | Found an opulent altar of Gozag.
   480 | D        | Found a sparkling altar of Nemelex Xobeh.
   480 | D        | Found a corrupted altar of Lugonu.
   480 | D        | Found a viscous altar of Jiyva.
   600 | D        | Reached skill level 1 in Evocations
   613 | D        | Reached skill level 10 in Fighting
   669 | D        | Noticed a two-headed ogre
   678 | D        | Killed a two-headed ogre
   683 | D        | Noticed a two-headed ogre
   683 | D        | Noticed Erolcha
   691 | D        | Killed a two-headed ogre
   692 | D        | Reached skill level 10 in Unarmed Combat
   705 | D        | HP: 1/72 [redback (12)]
   706 | D        | Succumbed to a redback's poison

Illustrated notes

Levels and vault maps discovered:
D:        dungeon_sprint_mu [sprint_mu_entry_forest, sprint_mu_temple_rooms,
          sprint_mu_d1_spiders, sprint_mu_d2_genie, sprint_mu_d3_branching,
          sprint_mu_orc_legion, sprint_mu_elf_gauntlet, sprint_mu_hive_nellie,
          sprint_mu_lair_fedhas, sprint_mu_vaults_butterflies,
          sprint_mu_slime_circle, sprint_mu_swamp_cave, sprint_mu_shoals_archi,
          sprint_mu_blade_basic, sprint_mu_crypt_fortress,
          sprint_mu_tomb_spiral, sprint_mu_vestibule_basic,
          sprint_mu_gehenna_hellfire, sprint_mu_dis_giant,
          sprint_mu_tartarus_statrot, sprint_mu_cocytus_islands, sprint_mu_zot1]

Skill      XL: |  1  2  3  4  5  6  7  8 |
---------------+-------------------------+-----
Armour         | 3 4 7 8 |  8.0
Dodging        | 3 4 7 8 9 |  9.7
Unarmed Combat | 3 4 7 8 10 | 10.0
Fighting       | 4 5 8 9 10 | 10.2
Evocations     | 4 |  4.6

Action                     |  1- 3 |  4- 6 |  7- 9 || total
---------------------------+-------+-------+-------++-------
  Melee: Unarmed           |    44 |     9 |    53 ||   106
         Punch             |     1 |       |     5 ||     6
 Invoke: Berserk           |     3 |     2 |     4 ||     9
         Trog's Hand       |     3 |     1 |     6 ||    10
         Brothers in Arms  |       |       |     2 ||     2
    Use: Scroll            |     4 |       |       ||     4
         Potion            |       |       |     4 ||     4
   Stab: Sleeping          |     2 |       |       ||     2
 Armour: Animal skin       |    19 |     4 |    24 ||    47
  Dodge: Dodged            |    22 |     4 |    42 ||    68

Table legend: (Time is in decaauts)
 A = Elapsed time spent in this place.
 B = Non-inter-level travel time spent in this place.
 C = Inter-level travel time spent in this place.
 D = Time resting spent in this place.
 E = Time spent auto-exploring this place.
 F = Levels seen in this place.
 G = Mean time per level.
                   A        B        C        D        E       F      G
               +--------+--------+--------+--------+--------+-----+--------+
         Total |    772 |    772 |      0 |    377 |      0 |   1 |  772.0 |
       Dungeon |    772 |    772 |      0 |    377 |      0 |   1 |  772.0 |
               +--------+--------+--------+--------+--------+-----+--------+

Top non-repeatable levels by time:
       D: 772 daAuts
